AoeStats
← Herby

Arena

509687951Analyzed
1v1 RM · 4d ago on Sep 27, 2026· 32m 23s· 2 players
Game mode
Random Map
Map size
Tiny (2 player)
Population
200
Speed
Normal
Resources
Standard
Victory
Conquest
Starting age
Dark Age
Ending age
Imperial Age
RankedLock teamsTeams togetherTeam positionsShared explorationLock speedFull tech treeHidden civsTurbo modeCheats
Victory
Defeat
🇲🇽 Khmer · Mexico
1319
+18
🇨🇴 Jurchens · Colombia
1358
-18
Herby
7:27 Loom
9:45 Feudal Age
13:31 Castle Age
13:04 Double-Bit Axe
13:11 Gold Mining
14:56 Bow Saw
21:17 Redemption
23:03 Sanctity
29:25 Devotion
Maxpower1312
10:13 Feudal Age
14:05 Castle Age
12:06 Double-Bit Axe
12:32 Stone Mining
16:11 Fletching
20:09 Wheelbarrow
22:35 Town Watch
26:29 Devotion
28:47 Gold Mining
28:32 Light Cavalry
Connection lost

Rejoining the realm…

Still unreachable

The connection could not be restored.

Session expired

The server has moved on; the page needs a fresh start.